 Dungeon Crawl Stone Soup version 0.21.1-1-g345015f (webtiles) character file.

14 letownia2 the Magician (level 2, 24/24 HPs)
             Began as a Troll Wizard on Feb 24, 2018.
             Quit the game on level 2 of the Dungeon.
             The game lasted 00:01:51 (262 turns).

letownia2 the Magician (Troll Wizard)                Turns: 262, Time: 00:01:52

Health: 24/24      AC:  5    Str: 14    XL:     2   Next: 31%
Magic:  4/4        EV:  9    Int: 14    God:
Gold:   7          SH:  0    Dex:  8    Spells: 4/5 levels left

rFire    . . .     SeeInvis .     - Unarmed
rCold    . . .     Gourm    +   (no shield)
rNeg     . . .     Faith    .   a - +0 robe
rPois    .         Spirit   .   b - +0 hat
rElec    .         Reflect  .   (no cloak)
rCorr    .         Harm     .   (gloves unavailable)
MR       .....                  (boots unavailable)
Stlth    +.........             (no amulet)
HPRegen  0.48/turn              (no ring)
MPRegen  0.09/turn              (no ring)

@: no status effects
A: large, unfitting armour, claws 3, fast metabolism 3, gourmand, regeneration
1, shaggy fur 1, tough skin 2
a: no special abilities


You were on level 2 of the Dungeon.
You were not hungry.

You visited 1 branch of the dungeon, and saw 2 of its levels.

You collected 7 gold pieces.

Inventory:

Armour
 a - a +0 robe (worn)
 b - a +0 hat (worn)
Scrolls
 e - a scroll of identify {unknown}
 f - a scroll of enchant armour {unknown}
 g - a scroll of enchant weapon {unknown}
 h - a scroll of fear {unknown}
Books
 c - a book of Minor Magic

   Spells                             Type                      Level
   a - Magic Dart                     Conjuration                  1
   b - Blink                          Translocation                2
   c - Call Imp                       Summoning                    2
   d - Slow                           Hexes                        2
   e - Conjure Flame                  Conjuration/Fire             3
   f - Mephitic Cloud                 Conjuration/Poison/Air       3
Comestibles
 d - 3 rations


   Skills:
 - Level 1.5 Dodging
 - Level 1.0 Stealth
 + Level 2.0 Unarmed Combat
 - Level 2.0 Spellcasting
 - Level 0.6 Conjurations
   Level 0.6 Summonings
   Level 0.6 Translocations


You had 4 spell levels left.
You knew the following spells:

 Your Spells              Type           Power        Failure   Level  Hunger
a - Magic Dart            Conj           #...         19%         1    ##.....


Dungeon Overview and Level Annotations

Branches:
Dungeon (2/15)

Altars:
Gozag
Zin


Innate Abilities, Weirdness & Mutations

You are too large for most types of armour.
You have claws for hands.
Your metabolism is lightning-fast.
You like to eat raw meat.
Your natural rate of healing is unusually fast.
You are covered in fur. (AC +1)
You have very tough skin. (AC +2)


Message History

You barely miss the hobgoblin.
The hobgoblin is severely wounded.
The hobgoblin closely misses you.
You claw the hobgoblin!
You kill the hobgoblin!
Your Unarmed Combat skill increases to level 2!
You barely miss the frilled lizard. The frilled lizard bites you.
You claw the frilled lizard!
You kill the frilled lizard!
You open the door.
Found 7 gold pieces and a scroll labeled ASHRUA BOEWN.
Found a glowing silver altar of Zin and an opulent altar of Gozag.
There is an open door here.
h - a scroll labeled ASHRUA BOEWN You now have 2 gold pieces.
You now have 4 gold pieces (gained 2).
You now have 5 gold pieces (gained 1).
You now have 7 gold pieces (gained 2).
Unknown command.
Are you sure you want to abandon this character and quit the game? (Confirm with "yes".)

#....# ##...## #.....
#....# ##+## #..###
####.# #.# #....†
#.#########.# ##.###
#...........## #.#
#.)#######...## #.#
#..#########..######.#
#..#.......#..<......#
#..#._.@._.###########
##.#.......#
#.##.....###
######'###.# #.###.#
#.....# #### #####.#
#.. #.# #.# #)#####.#


There were no monsters in sight!

Vanquished Creatures
  A worm (D:2)
  A leopard gecko (D:2)
  A bat (D:2)
  A giant cockroach (D:2)
  2 hobgoblins (D:2)
  A kobold (D:2)
  A frilled lizard (D:2)
  A quokka skeleton (D:2)
  A rat (D:2)
10 creatures vanquished.

Notes
Turn   | Place    | Note
-------+----------+-------------------------------------------
     0 | D:1      | letownia2 the Troll Wizard began the quest for the Orb.
     0 | D:1      | Reached XP level 1. HP: 16/16 MP: 2/2
   102 | D:2      | Reached skill level 1 in Unarmed Combat
   129 | D:2      | Reached XP level 2. HP: 19/24 MP: 4/4
   246 | D:2      | Found a glowing silver altar of Zin.
   246 | D:2      | Found an opulent altar of Gozag.
   262 | D:2      | Quit the game

Skill      XL: |  1  2 |
---------------+-------+-----
Unarmed Combat | 1 2 |  2.0
Dodging        | |  1.5
Stealth        | |  1.0
Spellcasting   | |  2.0
Conjurations   | |  0.6
Summonings     | |  0.6
Translocations | |  0.6

Action                   || total
-------------------------++-------
Melee: Unarmed           ||    26
 Stab: Sleeping          ||     1
Armor: Robe              ||     5
Dodge: Dodged            ||     9
